Cogmind - Beta 16.1 @@@ ROGUE MODE // 2026.02.23 @ 21:16:58 Player: AlmondRoll Result: Destroyed by U4-93V(R) with Subdweller Laser Performance ------------- Evolutions (0) 0 Regions Visited (2) 400 Robots Destroyed (29) 145 Value Destroyed (661) 661 Prototype IDs (0) 0 Alien Tech Used (0) 0 Bonus (0) 0 TOTAL SCORE: 1206 Bonus ------- None Cogmind --------- Core Integrity 0/250 Matter 266/300 Energy 265/265 System Corruption 0% Temperature Cool (18) Movement Treading (240) Ox1 Location -10/Subcaves Parts ------- > --- POWER (1) -------- Improved Ion Engine > --- PROPULSION (2) --- Light Treads Light Treads > --- UTILITY (2) ------ High-capacity Storage Unit Light Armor Plating > --- WEAPON (2) ------- Subdweller Beam Cannon Subdweller Machine Gun > --- INVENTORY (20) --- Improved Ion Engine Improved Ion Engine Subdweller Power Source Light Treads Light Treads Subdweller Monowheel Improved Heat Sink Structural Scanner Light Armor Plating Hacking Suite Makeshift Hacking Suite Subdweller Laser Subdweller Laser Subdweller Laser Subdweller Laser Subdweller Beam Cannon EMP Blaster EMP Blaster Makeshift Spear Peak State ------------ > --- POWER ------------ Improved Ion Engine > --- PROPULSION ------- Light Treads Light Treads > --- UTILITY ---------- Improved Heat Sink High-capacity Storage Unit > --- WEAPON ----------- Subdweller Beam Cannon Subdweller Beam Cannon > --- INVENTORY -------- Improved Ion Engine Improved Ion Engine Light Treads Light Treads Light Treads Light Treads Subdweller Monowheel Structural Scanner Light Armor Plating Light Armor Plating Light Armor Plating Light Armor Plating Hacking Suite Subdweller Laser Subdweller Laser EMP Blaster EMP Blaster EMP Blaster EMP Blaster Makeshift Spear [Rating: 15] Favorites ----------- Power Improved Ion Engine Engine Improved Ion Engine Propulsion Light Treads Treads Light Treads Leg Aluminum Leg Utility High-capacity Storage Unit Device Structural Scanner Storage High-capacity Storage Unit Protection Light Armor Plating Weapon Subdweller Beam Cannon Energy Gun Particle Gun Energy Cannon Subdweller Beam Cannon Ballistic Gun Light Assault Rifle Launcher EMP Blaster Impact Weapon Hammer Piercing Weapon Makeshift Spear Build | -11 -10 -10 ------- Run | Yrd Mat Sub Slots Evolved . | . . . Power . | . . . Propulsion . | . . . Utility . | . . . Weapon . | . . . Parts Attached 32 | 4 15 13 Power 3 | . 2 1 Engine 3 | . 2 1 Core . | . . . Reactor . | . . . Propulsion 7 | 2 3 2 Treads 7 | 2 3 2 Leg . | . . . Wheel . | . . . Hover . | . . . Flight . | . . . Utility 9 | 1 3 5 Device 3 | 1 . 2 Storage 2 | . 2 . Processor . | . . . Hackware . | . . . Protection 4 | . 1 3 Artifact . | . . . Weapon 13 | 1 7 5 Energy Gun 1 | . 1 . Energy Cannon 3 | . 1 2 Ballistic Gun 5 | 1 3 1 Ballistic Cannon . | . . . Launcher 2 | . 2 . Special Weapon . | . . . Impact Weapon 1 | . . 1 Slashing Weapon . | . . . Piercing Weapon 1 | . . 1 Special Melee Weapon . | . . . Unidentified Prototypes . | . . . Parts Lost 6 | . 4 2 Power 1 | . 1 . Propulsion 1 | . . 1 Utility 2 | . 1 1 Weapon 2 | . 2 . Highest Loss Streak 4 | . 4 1 To Critical Strikes . | . . . Average Backups 17 | 6 14 19 Power 2 | 1 2 2 Propulsion 4 | 4 4 4 Utility 5 | . 4 5 Weapon 5 | 1 4 7 Tool/Special . | . . . Unused Backups 28 | . 12 16 Power 5 | . 2 3 Propulsion 7 | . 4 3 Utility 4 | . 1 3 Weapon 12 | . 5 7 Tool/Special . | . . . Average Slot Usage (%) 99 | . 99 100 Engine 13 | . 13 14 Treads 28 | . 28 28 Device 8 | . 2 12 Storage 14 | . 14 14 Protection 5 | . 10 1 Energy Gun 3 | . 10 . Energy Cannon 13 | . . 20 Ballistic Gun 9 | . 15 6 Peak Build Rating 15 | 7 12 15 Average Rating 12 | 6 10 13 On Entrance 8 | 6 7 11 Avg Prop Armor Cover (%) . | . . . Naked Turns . | . . . Heaviest Build 64 | 15 58 64 Greatest Support 40 | 40 40 40 Greatest Overweight (x) 1 | . 1 1 Average Overweight (x) . | . . 1 Largest Inventory Capacity 20 | 8 20 20 Average Capacity 18 | 8 15 20 Most Carried 20 | 8 20 20 Average Carried 17 | 6 14 19 Final Capacity 20 | 8 20 20 Final Carried 20 | 6 20 19 Class Distribution -------------------- 96% | Mutant 3% | Scavenger-Mutant Dominant Class ---------------- Mutant | -10/Materials Mutant | -10/Subcaves Resources | -11 -10 -10 ----------- Run | Yrd Mat Sub Matter Collected 875 | 255 309 311 Remotely . | . . . Salvage Created 1016 | 109 629 278 Parts 62 | 4 41 17 Haulers Intercepted 2 | . 2 . Recyclers Shooed 4 | 1 3 . Parts Field Recycled . | . . . Retrieved Matter . | . . . Parts Self-Destructed 18 | . . 18 Prevented . | . . . Parts Restored . | . . . Kills | -11 -10 -10 ------- Run | Yrd Mat Sub Combat Hostiles Destroyed 17 | . 10 7 Guns 12 | . 10 2 Cannons 5 | . . 5 Classes Destroyed 9 | 2 5 2 Tunneler 1 | 1 . . Hauler 2 | . 2 . Recycler 3 | 1 2 . Operator 3 | . 3 . Turret 2 | . . 2 Watcher 1 | . 1 . Swarmer 5 | . 3 2 Grunt 8 | . 7 1 Subdweller 4 | . . 4 Best Kill Streak 7 | 2 7 2 Combat Bots Only 3 | . 3 2 Max Kills in Single Turn 1 | 1 1 1 Gunslinging . | . . . Exploded . | . . . Melee . | . . . Uniques/NPCs Destroyed . | . . . Combat | -11 -10 -10 -------- Run | Yrd Mat Sub Hostile Shots Fired 142 | . 71 71 Missed 42 | . 17 25 Hits 100 | . 54 46 Projectile 100 | . 54 46 Critical Strikes 4 | . 3 1 Damage Taken 1319 | . 659 660 Core 267 | . 113 154 Absorbed by Shields . | . . . Core Remaining (%) 100 | 100 . . Volleys Fired 105 | 5 67 33 Largest 2 | 2 2 2 Hottest 160 | 60 85 160 Shots Fired 206 | 10 130 66 Gun 171 | 10 130 31 Cannon 35 | . . 35 Launcher . | . . . Special . | . . . Kinetic 125 | 5 89 31 Thermal 63 | . 28 35 Explosive . | . . . Electromagnetic 18 | 5 13 . Robot Hit Streak 21 | 3 21 16 Robot Miss Streak 5 | 4 5 2 Penetration Max . | . . . Secondary Targets 1 | . 1 . Max Gunslinging Chain 1 | . 1 . Shots Hit Robots 142 | 5 88 49 Core Hits 54 | 3 37 14 Critical Kills 1 | . 1 . Critical Parts Destroyed . | . . . Critical Strikes 3 | . 3 . Burn 2 | . 2 . Destroy 1 | . 1 . Melee Attacks 11 | . . 11 Impact 1 | . . 1 Slashing . | . . . Piercing 10 | . . 10 Sneak Attacks . | . . . Combat Hostiles . | . . . Follow-up Attacks . | . . . Damage Inflicted 1961 | 62 988 911 Guns 1276 | 62 947 267 Cannons 644 | . . 644 Explosions 26 | . 26 . Melee . | . . . Ramming 15 | . 15 . Kinetic 920 | 37 616 267 Thermal 938 | . 294 644 Explosive . | . . . Electromagnetic 88 | 25 63 . Impact . | . . . Slashing . | . . . Piercing . | . . . Highest Corruption . | . . . Average Corruption . | . . . Corruption Purged . | . . . Corruption Blocked . | . . . Overload Shots . | . . . Overflow Damage 27 | . . 27 Projectiles 27 | . . 27 Explosions . | . . . Melee . | . . . Knockbacks . | . . . Impact . | . . . Kinetic . | . . . Secondary . | . . . Self-Inflicted Damage 33 | . 33 . Shots 1 | . 1 . Rammed 5 | . 5 . Targets Rammed 5 | . 5 . Kicked . | . . . Crushed . | . . . Highest Temperature 185 | . 185 42 Average Temperature 49 | . 54 20 Received Heat Transfer 528 | . 330 198 Siege Activations . | . . . Martial Activations . | . . . Shielding Activations . | . . . Robots Disrupted . | . . . Combat Hostiles . | . . . Robots Corrupted . | . . . Combat Hostiles . | . . . Parts Fried . | . . . Impact Corruptions . | . . . Robots Melted . | . . . Combat Hostiles . | . . . Parts Melted 1 | . 1 . Heat Transferred 1863 | . 827 1036 Parts Sabotaged . | . . . Parts Stolen . | . . . Parts Stripped . | . . . Power Chain Reactions 1 | . 1 . Alert | -11 -10 -10 ------- Run | Yrd Mat Sub Maximum Alert Level . | . . . Low Security (%) 100 | 100 100 . Level 1 . | . . . Level 2 . | . . . Level 3 . | . . . Level 4 . | . . . Level 5 . | . . . High Security . | . . . Max Security . | . . . Peak Influence 109 | 5 109 . Initial . | . . . Average 17 | 1 18 . Influence Increases 598 | 10 353 235 Destroy 0b10 Robot/C 300 | . 200 100 Destroy 0b10 Robot/NC 50 | 10 40 . Destroy Leader 56 | . 56 . Successful Hack 6 | . 6 . Destroy Structure 6 | . 6 . Lose Combat Pursuer 180 | . 45 135 Influence Decreases 540 | 10 353 177 Time Decay 490 | 10 313 167 Lost Part 50 | . 40 10 Squads Dispatched 3 | . 3 . Investigation . | . . . Extermination . | . . . Reinforcement 3 | . 3 . Assault . | . . . Garrison . | . . . Intercept . | . . . Searches Triggered . | . . . Construction Impeded . | . . . Haulers Reinforced . | . . . Active Scanning Responses . | . . . Cargo Convoy Interrupts . | . . . Stealth | -11 -10 -10 --------- Run | Yrd Mat Sub Distress Signals 4 | . 4 . Communications Jammed . | . . . Distress Signals . | . . . Times Spotted 41 | . 24 17 Peak Tracking Total 5 | . 5 4 Tactical Retreats 6 | . 3 3 Traps | -11 -10 -10 ------- Run | Yrd Mat Sub Traps Triggered 2 | . 1 1 Indirectly . | . . . Trap Hack Attempts . | . . . Triggered . | . . . Disarmed . | . . . Reprogrammed . | . . . Reused . | . . . Traps Extracted . | . . . Installed . | . . . Triggered . | . . . Machines | -11 -10 -10 ---------- Run | Yrd Mat Sub Machines Disabled 3 | . . 3 Max in Single Turn 1 | . . 1 Machines Repaired . | . . . Machines Dismantled . | . . . Machines Sabotaged . | . . . Overloaded Fab Kills . | . . . Hacking | -11 -10 -10 --------- Run | Yrd Mat Sub Machines Accessed 3 | . 2 1 Terminals 2 | . 2 . Fabricators . | . . . Repair Stations . | . . . Recycling Units . | . . . Scanalyzers . | . . . Garrison Access . | . . . Total Hacks 8 | . 5 3 Successful 4 | . 1 3 Failed 4 | . 4 . Catastrophic . | . . . Database Lockouts . | . . . Manual 5 | . 5 . Terminals 5 | . 5 . Fabricators . | . . . Repair Stations . | . . . Recycling Units . | . . . Scanalyzers . | . . . Garrison Access . | . . . Terminal Hacks 3 | . . 3 Record 3 | . . 3 Fabricator Hacks . | . . . Repair Station Hacks . | . . . Recycling Unit Hacks . | . . . Scanalyzer . | . . . Garrison Access Hacks . | . . . Unauthorized Hacks 1 | . 1 . Terminals 1 | . 1 . Operators 1 | . 1 . Fabricators . | . . . Repair Stations . | . . . Recycling Units . | . . . Scanalyzers . | . . . Garrison Access . | . . . Data Cores Recovered . | . . . Used . | . . . Hacking Detections 2 | . 2 . Full Trace Events . | . . . Feedback Events . | . . . Feedback Blocked . | . . . Robot Schematics Acquired . | . . . Robots Built . | . . . Authchips . | . . . Time . | . . . Total Robot Build Rating . | . . . Part Schematics Acquired . | . . . Parts Built . | . . . Authchips . | . . . Time . | . . . Total Part Build Rating . | . . . Part Studies Acquired . | . . . Parts Repaired . | . . . Time . | . . . Parts Recycled . | . . . Recycled Matter . | . . . Retrieved Matter . | . . . Retrieved Components . | . . . Parts Scanalyzed . | . . . Part Schematics Acquired . | . . . Parts Damaged . | . . . Bothacking | -11 -10 -10 ------------ Run | Yrd Mat Sub Used RIF Installer . | . . . Robots Hacked . | . . . Non-combat . | . . . Combat . | . . . Robot Hacks Applied . | . . . Relay Couplers Released . | . . . Fabnet Peak Effective % . | . . . Robots Rewired . | . . . Allies Hacked . | . . . Hacks Repelled . | . . . Allies | -11 -10 -10 -------- Run | Yrd Mat Sub Total Allies . | . . . Largest Group . | . . . Highest-Rated Group . | . . . Highest-Rated Ally . | . . . Total Orders . | . . . Ally Attacks . | . . . Total Damage . | . . . Kills . | . . . Allies Corrupted . | . . . Allies Melted . | . . . Intel | -11 -10 -10 ------- Run | Yrd Mat Sub Active Infowar (turns) 2977 | 16 350 2611 Structural 2611 | . . 2611 Seismic 366 | 16 350 . Robot Analysis Total . | . . . Derelict Logs Recovered 1 | . . 1 Drone Launches . | . . . Drone Recoveries . | . . . Exploration | -11 -10 -10 ------------- Run | Yrd Mat Sub Turns Passed 4752 | 42 1722 2988 Spaces Moved 1804 | 14 677 1113 Core . | . . . Treads 1804 | 14 677 1113 Legs . | . . . Wheels . | . . . Hover . | . . . Flight . | . . . Fastest Speed 160 | 160 160 240 Average Speed 228 | 160 210 240 Slowest Speed 240 | 160 240 240 Overloaded Moves . | . . . Propulsion Burnouts . | . . . Robots Hopped . | . . . Potential Cave-ins . | . . . Cave-ins Triggered . | . . . Exploration Rate (%) 53 | 3 88 70 Regions Visited 2 Branch Regions 1 Pre-discovered Areas 1 | . . 1 Known Exits Taken . | . . . Unknown Exits Taken 2 | 1 1 . Scrap Searched 3 | . . 3 Spaces Dug 3 | . . 3 Terrain Destroyed 8 | . 2 6 Melee 3 | . . 3 Projectile 3 | . . 3 AOE 2 | . 2 . Terrain Rammed . | . . . Walls Destroyed . | . . . Machines Disabled . | . . . Actions | -11 -10 -10 --------- Run | Yrd Mat Sub Total 2226 | 24 855 1347 Wait 187 | . 47 140 Move 1802 | 13 676 1113 Hop . | . . . Pick Up 35 | . 25 10 Fast Attach 8 | 1 5 2 Attach 6 | 2 1 3 Detach 3 | 2 . 1 Swap 35 | 1 11 23 Drop 29 | . 18 11 Fire 105 | 5 67 33 Melee 11 | . . 11 Ram . | . . . Kick . | . . . Crush 5 | . 5 . Escape Stasis . | . . . Rewire . | . . . Trap . | . . . Miscellaneous . | . . . Route ------- -11/Scrapyard -10/Materials (discovered 5 exits: [*Mat x2] / [*Min x2] / *Sub) -10/Subcaves (discovered 3 exits: *Mat x2 / [*Rec]) History --------- Turn | Location | Event 9 | -11/Scrapyard | Discovered new exit (range 2) 43 | -11/Scrapyard | Entered Materials 268 | -10/Materials | Discovered new exit (range 7) 312 | -10/Materials | Build established: Mutant 449 | -10/Materials | Lost 4 parts (1p1u2w) 592 | -10/Materials | Discovered new exit (range 8) 601 | -10/Materials | Discovered new exit (range 11) 632 | -10/Materials | Discovered new exit (range 15) 643 | -10/Materials | Derelicts attacked the area 1356 | -10/Materials | Discovered new exit (range 12) 1765 | -10/Materials | Entered Subcaves 1894 | -10/Subcaves | Disturbed a concealed Subdweller 1927 | -10/Subcaves | Core integrity fell below 50% 2004 | -10/Subcaves | Identified exit to Materials 2126 | -10/Subcaves | Visited Clippyterm 2134 | -10/Subcaves | Learned location of Deep Caves (-7) 2780 | -10/Subcaves | Shifting Twisted Machinery released Mak. Hacking Suite 2830 | -10/Subcaves | Shifting Twisted Machinery released Sub. Laser 3378 | -10/Subcaves | Discovered new exit (range 10) 3386 | -10/Subcaves | Core integrity fell below 20% 3852 | -10/Subcaves | Shifting Twisted Machinery released Sub. Power Source 3857 | -10/Subcaves | Shifting Twisted Machinery released Mak. Flight Unit 3998 | -10/Subcaves | Discovered exit to Materials (range 14) 4753 | -10/Subcaves | Destroyed by U4-93V(R) with Subdweller Laser Last Messages --------------- 03485_ Acquired 27 matter. 03511_ Dropped Lgt. Treads. 03784_ E5-4DE(u) tweaks Twisted Machinery. Sub. Power Source falls loose from the Twisted Machinery. Mak. Flight Unit falls loose from the Twisted Machinery. 03876_ Dropped Lgt. Armor Plating. 03877_ Acquired Sub. Power Source. 03998_ EXIT=FOUND: MATERIALS 04027_ Acquired 8 matter. 04028_ YM-PUX(R): "LEAVESUB!" 04034_ Destroyed Scrap Shield. 04034_ YM-PUX(R) destroyed. 04062_ Acquired 35 matter. 04072_ Acquired Sub. Laser. 04097_ Acquired 44 matter. 04197_ Subatomizers dissect the Wheel. 04211_ Acquired 5 matter. 04219_ Subatomizers dissect the Wheel, destroying it. 04286_ Acquired 21 matter. 04590_ Subatomizers dissect the Lgt. Armor Plating. Map ----- +----------------------------------------------------+ | ????????????????##### ####### ###???????????? | | ????????????????### ####### ##???????????? | | ????????????????## ####### ##???????????? | | ????????????????## ###### ###???????????? | | ????????????????### #### ##???????????? | | ????????????????#### ## ### ###???????????? | | ?????????????????####### ## ###???????????? | | ???????????####???####### # ##????????????? | | ?????????#######??????##### ###???????????? | | ????????#####<#####????####### # # ##???????????? | | ????????#""" """"#??????##### ######???????????? | | ????????# " "########?### #####???????????? | | ????????#" "###### #?## ###????????????? | | ????????# ## #"#??### ##????????????? | | ????????# ## ##??##### ##????????????? | | ????????#" ;# ########## ####??????????? | | ????????#### ###; ########## ####??????????? | | ???????????# #?## ##### ##?########## | | ???????????# #?## ##### ############## | | ???????????#%&&#### #### ####### # | | ???? ## ??#&%&#### #### ###### | | ???? ### ? # &!### % ## ######## | | ????## #%&&## ###### #### | | ????### &!## ## ### ###### | | ?????### % ####### ####?## | | ??????### @####### ###???? | | ???????### R####### ###??? | | ???????#### ## #### ###??? | | ????????##### ### ###?? | | ?????????##### ### ###### ###?? | | ???????????################ ###? | | ????????????##########??### ##? | | ?????????????????????????## ##? | | ?????????????????????????### ## ##? | | ?????????????????????????##### ## ### | | ??????????????????????????##### ## ## | | ????????????????????????????#### ### ## | | ?????????????????????????????#### #### ## | | ??????????????????????????????### ##### ## | | ???????????????????????????????## #### ## | | ???????????????????????????????## ## ##### | | ???????????????????????????????### ## ##### | | ???????????????????????????????### ######## | | ???????????????????????????????### ####### | | ???????????????????????????????## ## ## | | ???????????????????????????????### ## ## | | ???????????????????????????????### ### ### | | ?????????????????????????????##### ### ### | | ?????????????????????????????##### ### #? | | ????????????????????????????### ### ###?? | +----------------------------------------------------+ Best States ------------- Heat Dissipation 39 Energy Generation 12 Energy Capacity 265 Matter Stores 300 Matter Capacity 300 Sight Range 16 Terrain Scan Density 10 Armor Coverage 150 Evasion (%) 40 Recoil Reduction 2 Item Schematics ----------------- None Robot Schematics ------------------ None Fabricated ------------ Nothing Repaired ---------- Nothing Studied --------- None Alien Tech Used ----------------- None Achievements -------------- None Challenges ------------ None Game ------ Seed DataTitaniumChip Manual? 0 Play Time 00:20:32 Cumulative 491.4 hours Start 2026.02.23 @ 21:00:23 End 2026.02.23 @ 21:16:58 Sessions 1 Manual Loads 0 Difficulty Rogue Special Mode None Game No. 231 Rogue 231 Adventurer 0 Explorer 0 Win Type - Total 15 Types 8/0/5/2/0/0/0/0/0/0 Lore% 80 Gallery% 74 Achievement% 57 Wizard Run 0 Options --------- Layout 0 ASCII 0 Keyboard 0 Movement Numpad Keybinds 0 Fullscreen 1 Font 18/SmallcapsGlow Map View 76x50 Zoom Use 0% Tactical HUD 1 Map Filters NONE Filters NONE Steam 1 RUN: 196577ce-e92e-44e3-a0f1-365187fe3f45